General information
- name: BNet
- type: Ladder 1vs1/FFA
- host: Battle.net
- saver: schmitty9800
map: TidewaterGlades
- players: 2
- length: 22:10
- speed: Fast
- version: 1.24 W3XP
- replay type: Public
» download(79 KB)
Players
team 1 (loser)

»
Goatrage (
yellow | 86 APM | 1909 actions | 22:09)
5 Keeper of the Grove
3 Entangling Roots
2 Thorns Aura
4 Priestess of the Moon
2 Trueshot Aura
2 Searing Arrows
» actions
| Assign group hotkey | 36 | |
| Basic commands | 218 | |
| Build / train | 60 | |
| ESC pressed | 1 | |
| Enter build submenu | 19 | |
| Enter hero's abilities submenu | 9 | |
| Give item / drop item | 1 | |
| Right click | 627 | |
| Select / deselect | 401 | |
| Select group hotkey | 478 | |
| Use ability | 59 | |
1909 total
» units
| Wisp | 20 | |
| Huntress | 11 | |
| Dryad | 7 | |
| Hippogryph | 2 | |
| Chimaera | 3 | |
43 total
» upgrades
» buildings
| Altar of Elders | 1 | |
| Moon Well | 7 | |
| Hunter's Hall | 1 | |
| Ancient of War | 2 | |
| Tree of Ages | 1 | |
| Ancient of Lore | 2 | |
| Tree of Life | 2 | |
| Tree of Eternity | 1 | |
| Ancient of Wind | 1 | |
| Chimaera Roost | 2 | |
20 total
» build order
00:08 Altar of Elders
00:19 Moon Well
01:56 Hunter's Hall
02:03 Ancient of War
02:08 Ancient of War
02:20 Moon Well
03:41 Moon Well
03:47 Tree of Ages
05:01 Moon Well
06:23 Ancient of Lore
06:28 Ancient of Lore
06:59 Moon Well
11:03 Tree of Life
12:56 Tree of Eternity
15:26 Tree of Life
15:35 Ancient of Wind
17:26 Chimaera Roost
17:29 Chimaera Roost
19:11 Moon Well
19:45 Moon Well
» items
team 2 (winner)

»
schmitty9800 (
purple | 105 APM | 2323 actions | 22:10)
6 Death Knight
3 Death Coil
3 Unholy Aura
5 Lich
1 Frost Armor
3 Frost Nova
1 Dark Ritual
» actions
| Assign group hotkey | 44 | |
| Basic commands | 90 | |
| Build / train | 59 | |
| ESC pressed | 2 | |
| Enter build submenu | 19 | |
| Enter hero's abilities submenu | 11 | |
| Give item / drop item | 8 | |
| Right click | 862 | |
| Select / deselect | 384 | |
| Select group hotkey | 742 | |
| Use ability | 102 | |
2323 total
» units
| Acolyte | 5 | |
| Ghoul | 2 | |
| Crypt Fiend | 11 | |
| Obsidian Statue | 3 | |
| Abomination | 3 | |
24 total
» upgrades
| Burrow | 1 | |
| Destroyer Form | 1 | |
| Disease Cloud | 1 | |
| Web | 1 | |
| Cannibalize | 1 | |
5 total
» buildings
| Crypt | 1 | |
| Ziggurat | 7 | |
| Graveyard | 1 | |
| Altar of Darkness | 1 | |
| Tomb of Relics | 3 | |
| Nerubian Tower | 1 | |
| Halls of the Dead | 1 | |
| Slaughterhouse | 2 | |
| Black Citadel | 1 | |
| Spirit Tower | 1 | |
| Necropolis | 1 | |
20 total
» build order
00:09 Crypt
00:12 Ziggurat
00:40 Graveyard
00:58 Altar of Darkness
01:44 Tomb of Relics
02:26 Ziggurat
02:49 Nerubian Tower
03:57 Halls of the Dead
04:38 Ziggurat
06:25 Slaughterhouse
07:40 Black Citadel
07:45 Ziggurat
11:56 Slaughterhouse
12:37 Ziggurat
13:55 Ziggurat
14:27 Spirit Tower
17:21 Tomb of Relics
17:29 Tomb of Relics
19:41 Necropolis
21:14 Ziggurat
» items
| Rod of Necromancy | 4 | |
| Dust of Appearance | 1 | |
| Scroll of Town Portal | 3 | |
| Potion of Healing | 2 | |
| Orb of Corruption | 2 | |
12 total
Chat log
(18:25 / All) schmitty9800: did u pick up my orb
(18:32 / All) Goatrage: yes
(18:33 / All) schmitty9800: i can't find it :(
(18:38 / All) schmitty9800: fuck
(21:59 / All) Goatrage: gg
(22:01 / All) Goatrage: damm
(22:04 / All) Goatrage: wasnt ready